 Dungeon Crawl Stone Soup version 0.30.1-11-g7821555f0a (webtiles) character file.

Game seed: 10989692644954330530

134 Tali the Chopper (level 4, -8/35 HPs)
             Began as a Demonspawn Chaos Knight on Nov 29, 2023.
             Was a Plaything of Xom.
             Killed from afar by a fire dragon (glowing shapeshifter) (35 damage)
             ... with a blast of flame
             ... on level 3 of the Dungeon.
             The game lasted 00:02:29 (1467 turns).

Tali the Chopper (Demonspawn Chaos Knight)          Turns: 1467, Time: 00:02:29

Health: -8/35      AC:  8    Str: 15    XL:     4   Next: 95%
Magic:  4/4        EV:  9    Int: 13    God:    Xom [..*...]
Gold:   116        SH:  8    Dex: 10    Spells: 3/3 levels left

rFire   . . .        a - +0 hand axe (chaos)
rCold   . . .        m - +2 kite shield
rNeg    . . .        b - +2 leather armour
rPois   .            (no helmet)
rElec   .            (no cloak)
rCorr   .            p - +0 pair of gloves
SInv    .            (no boots)
Will    +....        (no amulet)
Stlth   +            i - +4 ring of protection
HPRegen 0.25/turn    t - ring of willpower
MPRegen 0.09/turn

%: no passive effects
@: no status effects
A: powered by death 1, condensation shield, weakness stinger 1, clumsy 1,
deformed body, MP-powered wands
a: Renounce Religion


You were on level 3 of the Dungeon.
You worshipped Xom.
You were a toy of Xom.
You visited 1 branch of the dungeon, and saw 3 of its levels.

You collected 116 gold pieces.

Inventory:

Hand Weapons
 a - a +0 hand axe of chaos (weapon)
Armour
 b - a +2 leather armour (worn)
 m - a +2 kite shield (worn)
 p - a +0 pair of gloves (worn)
Jewellery
 i - a +4 ring of protection (left hand)
 t - a ring of willpower (right hand)
Scrolls
 d - a scroll of immolation {unknown}
 g - a scroll of teleportation {unknown}
 j - 2 scrolls of identify {unknown}
 n - a scroll of blinking {unknown}
 r - a scroll of poison {unknown}
 s - a scroll of silence {unknown}
Potions
 e - a potion of degeneration
 f - a potion of flight
 h - a potion of berserk rage {unknown}
 l - 2 potions of curing {unknown}
 o - a potion of cancellation {unknown}
 q - a potion of resistance {unknown}
Miscellaneous
 c - a piece from Xom's chessboard (15/15) (quivered)


   Skills:
 + Level 3.4 Fighting
 + Level 4.0 Axes
 + Level 2.4 Armour
 + Level 1.6 Dodging
 + Level 0.7 Stealth
 + Level 0.9 Shields


You had 3 spell levels left.
You didn't know any spells.
Your spell library contained the following spells:

 Spells                   Type           Power      Damage    Failure   Level
 Vhi's Electric Charge    Tloc/Air       0%         N/A       98%         3
 Animate Dead             Necr           0%         N/A       100%        4
 Arcjolt                  Conj/Air       0%         1d10      100%        5
 Haunt                    Necr/Summ      0%         N/A       100%        7
 Infestation              Necr           0%         N/A       100%        8
 Maxwell's Capacitive Co  Air            0%         โˆž       100%        8


Dungeon Overview and Level Annotations

Branches:
Dungeon (3/15)

Altars:
Ashenzari
Cheibriados
Sif Muna
Yredelemnul

Shops:
D:2 [


Innate Abilities, Weirdness & Mutations

You regenerate a little health from kills.
A meltable shield of frost defends you. (SH +0)
You have a small tail.
You are clumsy. (Dex -2)
Armour fits poorly on your strangely shaped body.
You expend magic power (3 MP) to strengthen your wands.


Message History

You block the gnoll's attack. x2
You hit the gnoll.
The gnoll changes into a glowing shapeshifter!
The glowing shapeshifter changes into a merfolk!
The gnoll hits you from afar with a +0 spear.
The gnoll completely misses you.
You closely miss the merfolk.
The merfolk picks up a +0 halberd.
The merfolk wields a +0 halberd.
The gnoll hits you from afar with a +0 spear.
You hit the merfolk but do no damage.
The merfolk changes into a swamp dragon!
The gnoll hits you but does no damage.
You hit the swamp dragon. You freeze the swamp dragon.
You tail-slap the swamp dragon, but do no damage.
The swamp dragon is lightly wounded.
The gnoll barely misses you. The swamp dragon bites you!
You block the swamp dragon's attack. The swamp dragon closely misses you.
The gnoll hits you from afar with a +0 spear.
* * * LOW HITPOINT WARNING * * *
You feel much better.
The swamp dragon changes into a swamp worm!
You block the gnoll's attack.
You barely miss the swamp worm. The swamp worm closely misses you.
You block the gnoll's attack.
You barely miss the swamp worm.
The swamp worm changes into a bunyip!
You block the gnoll's attack.
Unknown command.
You hit the bunyip. You burn the bunyip.
The bunyip is lightly wounded. "This might be better!"
The gnoll suddenly stops moving!
The bunyip changes into a fire dragon!
You hit the fire dragon.
The fire dragon suddenly seems more resistant.
The fire dragon is lightly wounded.
The fire dragon breathes flames at you. The blast of flame hits you!!
Your condensation shield dissipates!
Ouch! That really hurt!
You die...
Xom giggles madly!

ยงโ‰ˆโ‰ˆ..).....#
.....).....# ######
##.........# ....
#.........# <...
#.........# ...
####.......# #..
.#.........# #g#
b#)..###..## #D# _#_..#
##..# #@# ###### ##.###
#.# _#_..#
#...###.#######
.#...#######..##........
.#........)......#######
####..[..........##
###............#
#..........#.#
#..........#..#


You could see a fire dragon shaped shifter (resistant, catching breath) and a
gnoll (paralysed).

Vanquished Creatures
  An orc priest (D:3)
  An orc wizard (D:3)
  A gnoll (D:3)
  2 adders (D:2)
  A worm (D:2)
  A dart slug (D:3)
  3 orcs (D:3)
  A ball python (D:2)
  2 endoplasms
  A giant cockroach (D:1)
  2 goblins
  4 hobgoblins
  9 jackals
  2 kobolds (D:3)
  3 quokkas
  3 bats
  7 frilled lizards
  2 rats (D:2)
46 creatures vanquished.

Notes
Turn   | Place    | Note
-------+----------+-------------------------------------------
     0 | D:1      | Tali the Demonspawn Chaos Knight began the quest for the
                  | Orb.
     0 | D:1      | Reached XP level 1. HP: 18/18 MP: 1/1
   417 | D:1      | Gained mutation: A meltable shield of frost defends you.
                  | (SH +0) [demonic ancestry]
   417 | D:1      | Reached XP level 2. HP: 20/24 MP: 2/2
   501 | D:1      | XOM: silly message
   632 | D:1      | XOM: divination: detect items
   747 | D:2      | Reached skill level 3 in Axes
   768 | D:2      | Gained mutation: You have a small tail. [demonic ancestry]
   768 | D:2      | Reached XP level 3. HP: 25/29 MP: 3/3
   965 | D:2      | Reached skill level 1 in Dodging
   986 | D:2      | Found Kidwuclo's Armour Boutique.
  1026 | D:2      | Found a faded altar of an unknown god.
  1079 | D:2      | XOM: give mutations
  1079 | D:2      | Gained mutation: Armour fits poorly on your strangely
                  | shaped body. [Xom's mischief]
  1079 | D:2      | Gained mutation: You are clumsy. (Dex -2) [Xom's mischief]
  1079 | D:2      | Gained mutation: You expend magic power (3 MP) to
                  | strengthen your wands. [Xom's mischief]
  1237 | D:3      | XOM: enchant monster (bad)
  1244 | D:3      | XOM: potion effect (might)
  1250 | D:3      | Gained mutation: You regenerate a little health from kills.
                  | [demonic ancestry]
  1250 | D:3      | Reached XP level 4. HP: 34/35 MP: 4/4
  1346 | D:3      | Found a shimmering blue altar of Sif Muna.
  1396 | D:3      | Found a snail-covered altar of Cheibriados.
  1400 | D:3      | Found a broken altar of Ashenzari.
  1428 | D:3      | Found a basalt altar of Yredelemnul.
  1456 | D:3      | Reached skill level 4 in Axes
  1459 | D:3      | a gnoll changed into a glowing shapeshifter
  1459 | D:3      | Noticed a glowing shapeshifter (glowing shapeshifter)
  1459 | D:3      | a glowing shapeshifter changed into a merfolk
  1459 | D:3      | Noticed a merfolk (glowing shapeshifter)
  1461 | D:3      | a merfolk changed into a swamp dragon
  1461 | D:3      | Noticed a swamp dragon (glowing shapeshifter)
  1463 | D:3      | a swamp dragon changed into a swamp worm
  1463 | D:3      | Noticed a swamp worm (glowing shapeshifter)
  1465 | D:3      | a swamp worm changed into a bunyip
  1465 | D:3      | Noticed a bunyip (glowing shapeshifter)
  1466 | D:3      | XOM: enchant monster (good)
  1466 | D:3      | a bunyip changed into a fire dragon
  1466 | D:3      | Noticed a fire dragon (glowing shapeshifter)
  1467 | D:3      | Killed from afar by a fire dragon (glowing shapeshifter)

Illustrated notes

Levels and vault maps discovered:
D:1:      eino_arrival_water_cross, layout_basic, chequers_garden
D:2:      layout_rooms, serial_shops, shop,
          shapermc_ecumenical_altar_mp_ritualfount
D:3:      layout_basic, mainiacjoe_overflow_concentric_impassable,
          nicolae_overflow_quartered_altars, nicolae_overflow_two_pavilions,
          gammafunk_ghost_smash

Skill      XL: |  1  2  3  4 |
---------------+-------------+-----
Axes           | 3 4 |  4.0
Armour         | 2 |  2.4
Dodging        | 1 |  1.6
Fighting       | |  3.4
Stealth        | |  0.7
Shields        | |  0.9

Action                     |  1- 3 |  4- 6 || total
---------------------------+-------+-------++-------
  Melee: Hand axe          |    94 |    33 ||   127
         Tailslap          |     8 |     3 ||    11
    Use: Potion            |     3 |     1 ||     4
   Stab: Confused          |       |     1 ||     1
         Petrifying        |       |     1 ||     1
 Armour: Leather armour    |    57 |     4 ||    61
  Dodge: Dodged            |    64 |    15 ||    79
  Block: Other             |     6 |       ||     6
         Kite shield       |    31 |    24 ||    55
